 Dungeon Crawl Stone Soup version 0.30-a0-339-g89bb51ec76 (webtiles) character file.

Game seed: 16688019025916540272

116 Muataran the Chopper (level 5, 0/47 HPs)
             Began as a Hill Orc Monk on Oct 31, 2022.
             Slain by Ijyb
             ... wielding a +2 dagger of speed
              (3 damage)
             ... on level 3 of the Dungeon.
             The game lasted 00:02:54 (1483 turns).

Muataran the Chopper (Hill Orc Monk)                Turns: 1483, Time: 00:02:55

Health: 0/47       AC:  6    Str: 16    XL:     5   Next: 1%
Magic:  5/5        EV: 10    Int: 10    God:
Gold:   111        SH:  0    Dex: 13    Spells: 4/4 levels left

rFire   . . .      SeeInvis .    a - +0 hand axe
rCold   . . .      Faith    .    (no shield)
rNeg    . . .      Spirit   .    j - +0 scale mail
rPois   .          Reflect  .    (no helmet)
rElec   .          Harm     .    (no cloak)
rCorr   .          Rampage  .    (no gloves)
Will    .....                    (no boots)
Stlth   ..........               (no amulet)
HPRegen 0.27/turn                (no ring)
MPRegen 0.09/turn                (no ring)

@: no status effects
A: no striking features
a: no special abilities


You were on level 3 of the Dungeon.
You visited 1 branch of the dungeon, and saw 4 of its levels.

You collected 111 gold pieces.

Inventory:

Hand Weapons
 a - a +0 hand axe (weapon)
Armour
 b - a +0 robe
 j - a +0 scale mail (worn)
Scrolls
 d - a scroll of noise {unknown}
 e - 2 scrolls of amnesia {unknown}
 f - 2 scrolls of enchant armour {unknown}
 g - 2 scrolls of teleportation {unknown}
 l - a scroll of vulnerability {unknown}
 m - a scroll of magic mapping {unknown}
 n - a scroll of identify {unknown}
Potions
 h - 2 potions of heal wounds {unknown}
 i - 2 potions of degeneration {unknown}
 k - a potion of might {unknown}


   Skills:
 + Level 4.8 Fighting
 * Level 6.4 Axes
 - Level 2.4 Dodging
 - Level 1.5 Stealth


You had 4 spell levels left.
You didn't know any spells.
Your spell library contained the following spells:

 Spells                   Type           Power      Damage    Failure   Level
 Slow                     Hex            0%         N/A       82%         1
 Confusing Touch          Hex            0%         N/A       99%         3
 Vampiric Draining        Necr           0%         2d6       99%         3


Dungeon Overview and Level Annotations

Branches:
Dungeon (4/15)
 Temple: D:4-7

Altars:

Annotations:
D:3 Ijyb


Message History

The hobgoblin barely misses you. The hobgoblin attacks as you move away!
The hobgoblin hits you but does no damage.
Ijyb barely misses you. The orc misses you. Ijyb closely misses you.
Ijyb zaps a wand.
The mass of ice explodes!
The iceblast engulfs you!
You hear a shout!
You're too confused to move!
You feel less invigorated.
You feel less confused. The hobgoblin closely misses you.
The orc barely misses you.
You closely miss Ijyb.
Ijyb is moderately wounded.
You closely miss the hobgoblin. Ijyb hits you but does no damage.
The orc hits you but does no damage.
The hobgoblin hits you but does no damage.
You hit Ijyb.
Ijyb is heavily wounded.
You hit the hobgoblin but do no damage.
Ijyb hits you with a +2 dagger of speed.
The orc closely misses you. The hobgoblin closely misses you.
You closely miss Ijyb.
Ijyb is heavily wounded.
You hit the hobgoblin. Ijyb hits you but does no damage.
Ijyb hits you with a +2 dagger of speed.
The hobgoblin closely misses you.
The orc hits you from afar with a +0 trident!
* * * LOW HITPOINT WARNING * * *
You completely miss Ijyb.
Ijyb is heavily wounded.
You hit the hobgoblin.
You kill the hobgoblin!
Ijyb hits you with a +2 dagger of speed.
* * * LOW HITPOINT WARNING * * *
The orc hits you from afar with a +0 trident.
* * * LOW HITPOINT WARNING * * *
You closely miss Ijyb.
Ijyb is heavily wounded.
Ijyb hits you with a +2 dagger of speed.
* * * LOW HITPOINT WARNING * * *
Ijyb hits you with a +2 dagger of speed.
You die...

####...#### #.# #o#
# ..........# #.#
#.# # .###...##.#
#.# #.### ##.###.#
#.# # #..## #>#
#.#####†####.#.
#.... .# #.#
#.#............
#..## .#
#.###......o...####
#..# .#
##.......##.g.#.#
##.# .#
#...........†@..#
#.# ##
#.#########...#.#
#.. # ##.# ##.##.#
..# # #..# #.# . #.
# #.## #.# ## #.#
#.# ###.### #.#
#.....# #. #.....#


You could see Ijyb and an orc.

Vanquished Creatures
  A necrophage (D:3)
  An adder (D:2)
  2 orcs (D:2)
  A bat (D:1)
  3 endoplasms
  A giant cockroach (D:4)
  4 goblins
  7 hobgoblins
  6 kobolds
  A quokka (D:3)
  2 ball pythons (D:1)
  8 rats
37 creatures vanquished.

Notes
Turn   | Place    | Note
-------+----------+-------------------------------------------
     0 | D:1      | Muataran the Hill Orc Monk began the quest for the Orb.
     0 | D:1      | Reached XP level 1. HP: 19/19 MP: 1/1
   156 | D:1      | Reached XP level 2. HP: 21/27 MP: 2/2
   720 | D:1      | Reached skill level 5 in Axes
   819 | D:1      | Reached XP level 3. HP: 29/33 MP: 3/3
  1026 | D:4      | Noticed a scorpion
  1432 | D:3      | Noticed Ijyb
  1432 | D:3      | Noticed a necrophage
  1469 | D:3      | Killed a necrophage
  1470 | D:3      | Reached skill level 6 in Axes
  1470 | D:3      | Reached XP level 4. HP: 14/41 MP: 4/4
  1470 | D:3      | Reached XP level 5. HP: 16/47 MP: 5/5
  1483 | D:3      | Slain by Ijyb

Illustrated notes

Levels and vault maps discovered:
D:1:      arrival_zaba_pyramid, layout_loops_ring
D:2:      kennysheep_big_flooded_room, layout_loops_ring, basic_altar
D:3:      layout_loops_ring, nicolae_ru_the_path_less_chosen,
          old_standard_altar, uniq_natasha, uniq_ijyb
D:4:      layout_cave_pools, lemuel_temple_firewalk_b, serial_bayou_pond_d

Skill      XL: |  1  2  3 |
---------------+----------+-----
Fighting       | 4 |  4.8
Axes           | 5 6 |  6.4
Dodging        | |  2.4
Stealth        | |  1.5

Action                   |  1- 3 |  4- 6 || total
-------------------------+-------+-------++-------
Melee: Hand axe          |   161 |     8 ||   169
       Punch             |     1 |       ||     1
  Use: Potion            |       |     1 ||     1
 Stab: Sleeping          |     1 |       ||     1
Armor: Robe              |    16 |       ||    16
       Scale mail        |    35 |     6 ||    41
Dodge: Dodged            |    74 |    10 ||    84

Table legend: (Time is in decaauts)
 A = Elapsed time spent in this place.
 B = Non-inter-level travel time spent in this place.
 C = Inter-level travel time spent in this place.
 D = Time resting spent in this place.
 E = Time spent auto-exploring this place.
 F = Levels seen in this place.
 G = Mean time per level.
                   A        B        C        D        E       F      G
               +--------+--------+--------+--------+--------+-----+--------+
         Total |   1491 |   1446 |     45 |     99 |    963 |   4 |  372.8 |
       Dungeon |   1491 |   1446 |     45 |     99 |    963 |   4 |  372.8 |
               +--------+--------+--------+--------+--------+-----+--------+

Top non-repeatable levels by time:
     D:1: 962 daAuts
     D:2: 277 daAuts
     D:3: 222 daAuts
     D:4: 28 daAuts
